TOP OF THE 1ST |
Grim Reapers batting - Pitching for Manhatten Meatheads : RHP Ramón Caro
|
Pitching: RHP Ramón Caro
|
|
Batting: RHB Arturo Franco
|
0-0: Called Strike 0-1: Ball 1-1: Swinging Strike 1-2: Strikes out looking
|
Batting: RHB Phil Martin
|
0-0: Called Strike 0-1: Swinging Strike 0-2: Ball 1-2: Foul Ball, location: 2F 1-2: Strikes out swinging
|
Batting: LHB Benny Lawson
|
0-0: Ball 1-0: Ball 2-0: Ball 3-0: Base on Balls
|
Batting: RHB Ramón Sánchez
|
0-0: Ball 1-0: Fielders Choice at 2nd, 6-4 (Groundball, 6)
|
Top of the 1st over - 0 runs, 0 hits, 0 errors, 1 left on base; Grim 0 - Manhatten 0 |
BOTTOM OF THE 1ST |
Manhatten Meatheads batting - Pitching for Grim Reapers : RHP Bob Thompson
|
Pitching: RHP Bob Thompson
|
|
Batting: LHB Wayne Rogers
|
0-0: Ball 1-0: Called Strike 1-1: Swinging Strike 1-2: Ball 2-2: Strikes out swinging
|
Batting: LHB Geoff May
|
0-0: Foul Ball, location: 2F 0-1: Ball 1-1: Foul Ball, location: 2F 1-2: SINGLE (Groundball, 34D)
|
Batting: RHB António Vargas
|
0-0: Ball 1-0: Ball 2-0: Ball 3-0: Called Strike 3-1: Base on Balls Geoff May to second
|
Batting: RHB Ed Gaston
|
0-0: Ball 1-0: Called Strike 1-1: Ball 2-1: Ball 3-1: Foul Ball, location: 2F 3-2: Strikes out looking
|
Batting: LHB Aaron Scott
|
0-0: Ball 1-0: Foul Ball, location: 2F 1-1: Ball 2-1: Swinging Strike 2-2: Foul Ball, location: 2F 2-2: Strikes out swinging
|
Bottom of the 1st over - 0 runs, 1 hit, 0 errors, 2 left on base; Grim 0 - Manhatten 0 |
TOP OF THE 2ND |
Grim Reapers batting - Pitching for Manhatten Meatheads : RHP Ramón Caro
|
Batting: SHB Luis Sotelo
|
0-0: Ball 1-0: Ball 2-0: SINGLE (Groundball, 4M) (infield hit)
|
Batting: RHB Fred Wagner
|
0-0: Ball 1-0: Swinging Strike 1-1: Swinging Strike 1-2: Strikes out looking
|
Batting: RHB Pedro López
|
0-0: Ball Throwing error on steal attempt, E2 Luis Sotelo to third 1-0: Ball 2-0: Called Strike 2-1: Called Strike 2-2: SINGLE (Line Drive, 8LM) Luis Sotelo scores
|
Batting: RHB Luis Samaripa
|
0-0: Ball 1-0: Ball 2-0: Called Strike 2-1: Ball 3-1: Foul Ball, location: 2F 3-2: Base on Balls Pedro López to second
|
Batting: RHB Mario Barker
|
0-0: Foul Ball, location: 2F 0-1: Ball 1-1: Called Strike 1-2: Ball 2-2: Ball 3-2: Strikes out looking
|
Batting: RHB Arturo Franco
|
0-0: Fly out, F9 (Line Drive, 9D)
|
Top of the 2nd over - 1 run, 2 hits, 1 error, 2 left on base; Grim 1 - Manhatten 0 |
BOTTOM OF THE 2ND |
Manhatten Meatheads batting - Pitching for Grim Reapers : RHP Bob Thompson
|
Batting: LHB Brent Haynes
|
0-0: Called Strike 0-1: Foul Ball, location: 2F 0-2: Ground out 6-3 (Groundball, 6)
|
Batting: RHB Roberto Rodríguez
|
0-0: Swinging Strike 0-1: Swinging Strike 0-2: Strikes out swinging
|
Batting: RHB Wayne Hanson
|
0-0: Swinging Strike 0-1: Swinging Strike 0-2: Foul Ball, location: 2F 0-2: Ball 1-2: Foul Ball, location: 2F 1-2: Ball 2-2: Ball 3-2: Strikes out swinging
|
Bottom of the 2nd over - 0 runs, 0 hits, 0 errors, 0 left on base; Grim 1 - Manhatten 0 |
TOP OF THE 3RD |
Grim Reapers batting - Pitching for Manhatten Meatheads : RHP Ramón Caro
|
Batting: RHB Phil Martin
|
0-0: Swinging Strike 0-1: Ball 1-1: Swinging Strike 1-2: Strikes out swinging
|
Batting: LHB Benny Lawson
|
0-0: Called Strike 0-1: Ball 1-1: Hit by Pitch
|
Batting: RHB Ramón Sánchez
|
0-0: Ball 1-0: Called Strike 1-1: Foul Ball, location: 2F 1-2: Grounds into double play, 6-4-3 (Groundball, 6)
|
Top of the 3rd over - 0 runs, 0 hits, 0 errors, 0 left on base; Grim 1 - Manhatten 0 |
BOTTOM OF THE 3RD |
Manhatten Meatheads batting - Pitching for Grim Reapers : RHP Bob Thompson
|
Batting: LHB Justin Tubridy
|
0-0: Ball 1-0: Foul Ball, location: 2F 1-1: Swinging Strike 1-2: Ball 2-2: Foul Ball, location: 2F 2-2: Ball 3-2: Base on Balls
|
Batting: LHB Wayne Rogers
|
0-0: Foul Ball, location: 2F 0-1: Called Strike 0-2: Strikes out looking
|
Batting: LHB Geoff May
|
0-0: Called Strike 0-1: Ball 1-1: SINGLE (Flyball, 9LS) Justin Tubridy to second Runner from 2nd tries for 3rd, SAFE, no throw
|
Batting: RHB António Vargas
|
0-0: Ball 1-0: Ball 2-0: Called Strike 2-1: Fly out, F5 (Line Drive, 56)
|
Batting: RHB Ed Gaston
|
0-0: Called Strike 0-1: Called Strike 0-2: Ball 1-2: Foul Ball, location: 2F 1-2: Strikes out swinging
|
Bottom of the 3rd over - 0 runs, 1 hit, 0 errors, 2 left on base; Grim 1 - Manhatten 0 |
TOP OF THE 4TH |
Grim Reapers batting - Pitching for Manhatten Meatheads : RHP Ramón Caro
|
Batting: SHB Luis Sotelo
|
0-0: Ball 1-0: Ball 2-0: Ground out U3 (Groundball, 3)
|
Batting: RHB Fred Wagner
|
0-0: Called Strike 0-1: Ball 1-1: Swinging Strike 1-2: Ball 2-2: Strikes out looking
|
Batting: RHB Pedro López
|
0-0: Foul Ball, location: 2F 0-1: Fly out, F8 (Line Drive, 8LM)
|
Top of the 4th over - 0 runs, 0 hits, 0 errors, 0 left on base; Grim 1 - Manhatten 0 |
BOTTOM OF THE 4TH |
Manhatten Meatheads batting - Pitching for Grim Reapers : RHP Bob Thompson
|
Batting: LHB Aaron Scott
|
0-0: Called Strike 0-1: Swinging Strike 0-2: Ball 1-2: Ball 2-2: Strikes out looking
|
Batting: LHB Brent Haynes
|
0-0: Fly out, F8 (Flyball, 8RS)
|
Batting: RHB Roberto Rodríguez
|
0-0: Foul Ball, location: 2F 0-1: Called Strike 0-2: Foul Ball, location: 2F 0-2: Ball 1-2: Strikes out looking
|
Bottom of the 4th over - 0 runs, 0 hits, 0 errors, 0 left on base; Grim 1 - Manhatten 0 |
TOP OF THE 5TH |
Grim Reapers batting - Pitching for Manhatten Meatheads : RHP Ramón Caro
|
Now in RF: Louis-Alexandre Lévesque
|
|
Batting: RHB Luis Samaripa
|
0-0: Called Strike 0-1: Ball 1-1: Foul Ball, location: 2F 1-2: Strikes out looking
|
Batting: RHB Mario Barker
|
0-0: Called Strike 0-1: SINGLE (Line Drive, 4MD)
|
Batting: RHB Arturo Franco
|
0-0: Ball 1-0: Called Strike 1-1: Swinging Strike 1-2: Strikes out swinging
|
Batting: RHB Phil Martin
|
0-0: Ball 1-0: Foul Ball, location: 2F 1-1: Called Strike Throwing error on steal attempt, E2 Mario Barker to third 1-2: Ground out 6-3 (Groundball, 6D)
|
Top of the 5th over - 0 runs, 1 hit, 1 error, 1 left on base; Grim 1 - Manhatten 0 |
BOTTOM OF THE 5TH |
Manhatten Meatheads batting - Pitching for Grim Reapers : RHP Bob Thompson
|
Batting: RHB Wayne Hanson
|
0-0: Called Strike 0-1: SINGLE (Line Drive, 8LS)
|
Batting: LHB Justin Tubridy
|
0-0: Ball 1-0: Swinging Strike 1-1: Ball 2-1: Ball 3-1: Fly out, F7 (Flyball, 7)
|
Batting: LHB Wayne Rogers
|
0-0: Ball 1-0: Ground out 5-3 (Groundball, 56S) Wayne Hanson to second
|
Batting: LHB Geoff May
|
0-0: Called Strike 0-1: Ball 1-1: Ball 2-1: Foul Ball, location: 2F 2-2: Strikes out swinging
|
Bottom of the 5th over - 0 runs, 1 hit, 0 errors, 1 left on base; Grim 1 - Manhatten 0 |
TOP OF THE 6TH |
Grim Reapers batting - Pitching for Manhatten Meatheads : RHP Ramón Caro
|
Batting: LHB Benny Lawson
|
0-0: Called Strike 0-1: Foul Ball, location: 2F 0-2: Foul Ball, location: 2F 0-2: Ball 1-2: Ball 2-2: Ball 3-2: Base on Balls
|
Batting: RHB Ramón Sánchez
|
0-0: Ball 1-0: Ball 2-0: SINGLE (Groundball, 4MD) Benny Lawson to second
|
Pitching: RHP Carlos Castro
|
|
Batting: SHB Luis Sotelo
|
0-0: Ball 1-0: Ball 2-0: Swinging Strike 2-1: Foul Ball, location: 2F 2-2: Foul Ball, location: 2F 2-2: Strikes out swinging
|
Batting: RHB Fred Wagner
|
0-0: Ball 1-0: Ball 2-0: Called Strike 2-1: Foul Ball, location: 2F 2-2: Strikes out swinging
|
Batting: RHB Pedro López
|
0-0: Ball 1-0: Called Strike 1-1: Foul Ball, location: 2F 1-2: Strikes out swinging
|
Top of the 6th over - 0 runs, 1 hit, 0 errors, 2 left on base; Grim 1 - Manhatten 0 |
BOTTOM OF THE 6TH |
Manhatten Meatheads batting - Pitching for Grim Reapers : RHP Bob Thompson
|
Batting: RHB Louis-Alexandre Lévesque
|
0-0: Fly out, F9 (Flyball, 9S)
|
Batting: RHB Ed Gaston
|
0-0: Ball 1-0: Ball 2-0: Ball 3-0: Called Strike 3-1: Called Strike 3-2: Base on Balls
|
Batting: LHB Aaron Scott
|
0-0: Foul Ball, location: 2F 0-1: Called Strike 0-2: Ball 1-2: Strikes out swinging
|
Batting: LHB Brent Haynes
|
0-0: Called Strike 0-1: Ball 1-1: Fly out, F4 (Flyball, 34D)
|
Bottom of the 6th over - 0 runs, 0 hits, 0 errors, 1 left on base; Grim 1 - Manhatten 0 |
TOP OF THE 7TH |
Grim Reapers batting - Pitching for Manhatten Meatheads : RHP Carlos Castro
|
Batting: RHB Luis Samaripa
|
0-0: Foul Ball, location: 2F 0-1: Foul Ball, location: 2F 0-2: Ball 1-2: Foul Ball, location: 2F 1-2: SINGLE (Line Drive, 4M)
|
Pinch Hitting: LHB Jesús Rojas
|
0-0: Ball 1-0: Ball 2-0: Swinging Strike 2-1: Foul Ball, location: 2F 2-2: SINGLE (Flyball, 89M) Luis Samaripa to second Runner from 2nd tries for 3rd, SAFE, no throw
|
Batting: RHB Arturo Franco
|
0-0: Called Strike 0-1: Ball 1-1: Ball 2-1: Called Strike 2-2: Strikes out looking
|
Batting: RHB Phil Martin
|
0-0: Ball 1-0: Called Strike 1-1: Foul Ball, location: 2F 1-2: Foul Ball, location: 2F 1-2: Ball 2-2: Strikes out looking
|
Pitching: LHP Gustavo Sánchez
|
|
Pinch Hitting: RHB Júlio Núńez
|
0-0: Fielders Choice at 2nd, 5-4 (Groundball, 5)
|
Top of the 7th over - 0 runs, 2 hits, 0 errors, 2 left on base; Grim 1 - Manhatten 0 |
BOTTOM OF THE 7TH |
Manhatten Meatheads batting - Pitching for Grim Reapers : RHP Bob Thompson
|
Now at 2B: Walt Green
|
|
Now in LF: Jesús Pérez
|
|
Batting: RHB Roberto Rodríguez
|
0-0: Called Strike 0-1: Ball 1-1: Called Strike 1-2: SOLO HOME RUN (Flyball, 7LD), Distance : 343 ft
|
Batting: RHB Wayne Hanson
|
0-0: Foul Ball, location: 2F 0-1: SINGLE (Line Drive, 89S)
|
Pitching: RHP Jacob Pearson
|
|
Batting: LHB Justin Tubridy
|
0-0: Called Strike 0-1: Sac Bunt - play at first, batter OUT! 2-4 Wayne Hanson to second
|
Batting: LHB Wayne Rogers
|
0-0: Ball 1-0: Ball 2-0: Ball 3-0: Base on Balls
|
Batting: LHB Geoff May
|
0-0: Ball 1-0: Called Strike 1-1: Ball 2-1: Fielders Choice at 2nd, 1-6 (Groundball, 13S) Wayne Hanson to third
|
Batting: RHB Louis-Alexandre Lévesque
|
0-0: DOUBLE (Line Drive, 8RD) Wayne Hanson scores Geoff May to third
|
Batting: RHB Ed Gaston
|
0-0: Ball 1-0: Swinging Strike 1-1: Called Strike 1-2: Ball 2-2: Fly out, F7 (Flyball, 7D)
|
Bottom of the 7th over - 2 runs, 3 hits, 0 errors, 2 left on base; Grim 1 - Manhatten 2 |
TOP OF THE 8TH |
Grim Reapers batting - Pitching for Manhatten Meatheads : LHP Gustavo Sánchez
|
Pitching: RHP Michael Pittman
|
|
Batting: RHB Ramón Sánchez
|
0-0: Ball 1-0: Foul Ball, location: 2F 1-1: Swinging Strike 1-2: Foul Ball, location: 2F 1-2: Foul Ball, location: 2F 1-2: Ball 2-2: Strikes out looking
|
Batting: SHB Luis Sotelo
|
0-0: Foul Ball, location: 2F 0-1: Ball 1-1: Ball 2-1: Swinging Strike 2-2: Foul Ball, location: 2F 2-2: Fly out, F8 (Flyball, 8RD)
|
Batting: RHB Fred Wagner
|
0-0: Called Strike 0-1: Ball 1-1: Foul Ball, location: 2F 1-2: Fly out, F9 (Flyball, 89D)
|
Top of the 8th over - 0 runs, 0 hits, 0 errors, 0 left on base; Grim 1 - Manhatten 2 |
BOTTOM OF THE 8TH |
Manhatten Meatheads batting - Pitching for Grim Reapers : RHP Jacob Pearson
|
Batting: LHB Aaron Scott
|
0-0: Foul Ball, location: 2F 0-1: Ball 1-1: Called Strike 1-2: Fly out, F7 (Line Drive, 7LM)
|
Batting: LHB Brent Haynes
|
0-0: Called Strike 0-1: Ball 1-1: Foul Ball, location: 2F 1-2: Ball 2-2: SINGLE (Line Drive, 9LS)
|
Batting: RHB Roberto Rodríguez
|
0-0: Fly out, F6 (Line Drive, 56)
|
Batting: RHB Wayne Hanson
|
0-0: Called Strike 0-1: Called Strike 0-2: Fly out, F8 (Flyball, 8LS)
|
Bottom of the 8th over - 0 runs, 1 hit, 0 errors, 1 left on base; Grim 1 - Manhatten 2 |
TOP OF THE 9TH |
Grim Reapers batting - Pitching for Manhatten Meatheads : RHP Michael Pittman
|
Pitching: RHP William Dixon
|
|
Now at 2B: Dennis Kelly
|
|
Batting: RHB Pedro López
|
0-0: Called Strike 0-1: Foul Ball, location: 2F 0-2: Strikes out swinging
|
Batting: RHB Luis Samaripa
|
0-0: Called Strike 0-1: Called Strike 0-2: Ball 1-2: Strikes out swinging
|
Batting: RHB Jesús Pérez
|
0-0: Foul Ball, location: 2F 0-1: Ball 1-1: Swinging Strike 1-2: Strikes out looking
|
Top of the 9th over - 0 runs, 0 hits, 0 errors, 0 left on base; Grim 1 - Manhatten 2 |
|